 Dungeon Crawl Stone Soup version 0.29.0-13-gc9e81de378 (webtiles) character file.

Game seed: 3440819750269156436

54 RascalDebosk the Trooper (level 3, -2/49 HPs)
             Began as a Minotaur Berserker on Sept 10, 2022.
             Was a Believer of Trog.
             Killed by divine providence
             ... invoked by an orc priest
              (11 damage)
             ... on level 2 of the Dungeon.
             The game lasted 00:05:28 (1216 turns).

RascalDebosk the Trooper (Minotaur Berserker)       Turns: 1216, Time: 00:05:29

Health: -2/49      AC:  9    Str: 21    XL:     3   Next: 66%
Magic:  2/2        EV:  6    Int:  6    God:    Trog [**....]
Gold:   70         SH:  6    Dex:  9    Spells: 2/2 levels left

rFire   . . .      SeeInvis .   a - +0 hand axe
rCold   . . .      Faith    .   m - +0 kite shield
rNeg    . . .      Spirit   .   h - +0 chain mail
rPois   .          Reflect  .   (helmet restricted)
rElec   .          Harm     .   (no cloak)
rCorr   .          Rampage  .   (no gloves)
Will    .....                   (no boots)
Stlth   ..........              (no amulet)
HPRegen 0.16/turn               (no ring)
MPRegen 0.08/turn               (no ring)

@: berserking, very quick
A: horns 2, retaliatory headbutt
a: Renounce Religion, Berserk, Trog's Hand


You were on level 2 of the Dungeon.
You worshipped Trog.
Trog was pleased with you.
You visited 1 branch of the dungeon, and saw 2 of its levels.

You collected 70 gold pieces.

Inventory:

Hand Weapons
 a - a +0 hand axe (weapon)
Missiles
 f - 3 boomerangs (quivered)
 g - 3 poisoned darts
 k - 4 javelins
Armour
 b - a +0 animal skin
 h - a +0 chain mail (worn)
 m - a +0 kite shield (worn)
Jewellery
 e - a +6 ring of dexterity
Scrolls
 d - 4 scrolls of identify {unknown}
 i - a scroll of teleportation {unknown}
 j - a scroll of immolation {unknown}
 n - a scroll of magic mapping {unknown}
Potions
 c - a potion of lignification {unknown}
 l - a potion of curing {unknown}
 o - a potion of haste {unknown}


   Skills:
 + Level 4.1 Fighting
 + Level 4.1 Axes
 + Level 1.2 Throwing
 + Level 3.0 Armour
 - Level 2.1 Dodging
 + Level 1.1 Evocations


You had 2 spell levels left.
You didn't know any spells.
Your spell library was empty.

Dungeon Overview and Level Annotations

Branches:
Dungeon (2/15)

Altars:


Innate Abilities, Weirdness & Mutations

You have a pair of horns on your head.
You reflexively headbutt those who attack you in melee.


Message History

You hit the orc. You barely miss the orc. You hit the goblin.
You kill the goblin!
Trog accepts your kill. You block the orc's attack. The orc closely misses you.
The orc priest hits you with a +0 flail!
* * * LOW HITPOINT WARNING * * *
A red film seems to cover your vision as you go berserk!
You feel yourself moving faster!
You feel mighty! The orc completely misses you.
The orc hits you but does no damage.
The orc priest hits you but does no damage.
You closely miss the orc priest.
The orc priest is moderately wounded.
You slash the orc!
You kill the orc!
Trog accepts your kill.
You barely miss the orc.
The orc priest looks braver for a moment.
The orc hits you with a +0 club.
* * * LOW HITPOINT WARNING * * *
You barely miss the orc priest. Your headbutt misses the orc priest.
The orc priest is moderately wounded.
You hit the orc. The orc hits you but does no damage.
The orc priest hits you but does no damage.
You closely miss the orc priest.
The orc priest is moderately wounded.
You hit the orc.
The orc priest hits you but does no damage.
The orc hits you but does no damage.
Unknown command.
You hit the orc priest.
The orc priest is severely wounded.
You hit the orc.
You kill the orc!
Trog accepts your kill.
The orc priest hits you but does no damage.
You closely miss the orc priest.
The orc priest is severely wounded.
The orc priest invokes the aid of Beogh against you.
Beogh smites you!
You die...

####### .### ##.....#
....# #..###†#
.....###.## #.#
.........####.##########
......).†..#..#....<#...
.#....)@##.#.#..........
#....o)................
#......#####...........
........# #...........
.#.)....# #...........
###..### #l..........
... #.............. #.#.
#.####.....#... ..
##########


You could see an orc priest.

Vanquished Creatures
  A gnoll (D:1)
  An adder (D:2)
  2 dart slugs (D:1)
  2 orcs (D:2)
  3 ball pythons (D:1)
  An endoplasm (D:1)
  A giant cockroach (D:1)
  5 goblins
  4 kobolds
  A quokka (D:2)
  3 bats
  2 frilled lizards
  5 rats
31 creatures vanquished.

Notes
Turn   | Place    | Note
-------+----------+-------------------------------------------
     0 | D:1      | RascalDebosk the Minotaur Berserker began the quest for the
                  | Orb.
     0 | D:1      | Reached XP level 1. HP: 19/19 MP: 0/0
   401 | D:1      | Reached XP level 2. HP: 26/27 MP: 1/1
   705 | D:1      | Reached skill level 1 in Throwing
   705 | D:1      | Reached XP level 3. HP: 30/33 MP: 2/2
  1064 | D:1      | Found a faded altar of an unknown god.
  1175 | D:2      | Reached skill level 1 in Evocations
  1206 | D:2      | Reached ** piety under Trog
  1216 | D:2      | Killed from afar by an orc priest

Illustrated notes

Levels and vault maps discovered:
D:1:      dpeg_arrival_castle, layout_loops_ring,
          hellmonk_ecumenical_altar_leap_of_faith, kennysheep_nondescript,
          glass_columns_a, minmay_ruptured
D:2:      layout_rooms

Skill      XL: |  1  2  3 |
---------------+----------+-----
Axes           | 4 |  4.1
Throwing       | 1 |  1.2
Fighting       | 4 |  4.1
Evocations     | 1 |  1.1
Armour         | 3 |  3.0
Dodging        | |  2.1

Action                   || total
-------------------------++-------
Melee: Hand axe          ||    66
       Headbutt          ||     4
Invok: Berserk           ||     1
Armor: Chain mail        ||    36
       Animal skin       ||     1
Dodge: Dodged            ||    35
Block: Kite shield       ||     9
